AoeStats
← HR Pinkman

Arabia

508103684Analyzed
4v4 RM · 11d ago on Sep 20, 2026· 27m 52s· 8 players
Game mode
Random Map
Map size
Large (8 player)
Population
200
Speed
Normal
Resources
Standard
Victory
Conquest
Starting age
Dark Age
Ending age
Imperial Age
RankedLock teamsTeams togetherTeam positionsShared explorationLock speedFull tech treeHidden civsTurbo modeCheats
Victory
Defeat
🇧🇷 Bohemians · Brazil
1853
+14
🇩🇪 Turks · Germany
1839
+15
🇺🇸 Mongols · United States
1702
+21
🇧🇴 Persians · Bolivia
1646
+23
🇨🇱 Sicilians · Chile
1928
-23
🇨🇱 Armenians · Chile
1889
-21
🇨🇱 Georgians · Chile
1878
-21
🇨🇱 Wu · Chile
1542
-8
买女孩的小火柴
1:32 Loom
6:31 Loom
8:35 Feudal Age
9:28 Double-Bit Axe
15:13 Scale Barding Armor
18:33 Wheelbarrow
21:21 Castle Age
20:12 Bloodlines
20:07 Horse Collar
21:21 Gold Mining
22:26 Chain Barding Armor
KROY
5:49 Loom
9:03 Feudal Age
13:57 Fletching
14:23 Double-Bit Axe
17:05 Horse Collar
19:48 Padded Archer Armor
21:09 Wheelbarrow
23:49 Castle Age
24:05 Crossbowman
24:41 Bodkin Arrow
25:17 Bow Saw
25:38 Ballistics
26:58 Chemistry
27:32 Heavy Plow
27:20 Town Watch
27:53 Hand Cart
到
6:41 Loom
9:09 Feudal Age
15:36 Double-Bit Axe
17:03 Fletching
22:45 Castle Age
21:03 Horse Collar
22:25 Padded Archer Armor
22:33 Crossbowman
23:16 Bodkin Arrow
24:35 Gold Mining
25:25 Bow Saw
26:55 Ballistics
28:06 Wheelbarrow
Jan Itor
7:08 Loom
9:08 Feudal Age
10:00 Double-Bit Axe
12:09 Horse Collar
17:25 Forging
18:16 Scale Barding Armor
19:08 Wheelbarrow
19:06 Bloodlines
24:27 Castle Age
22:39 Gold Mining
25:38 Chain Barding Armor
26:00 Husbandry
26:40 Iron Casting
26:33 Heavy Plow
27:15 Bow Saw
HR Whitecourt
6:43 Loom
9:14 Feudal Age
9:49 Double-Bit Axe
9:45 Horse Collar
15:58 Scale Barding Armor
16:51 Forging
19:10 Wheelbarrow
22:21 Castle Age
20:52 Bloodlines
20:51 Gold Mining
22:28 Light Cavalry
23:28 Chain Barding Armor
23:13 Husbandry
QNA_Basualt
7:04 Loom
9:20 Feudal Age
9:59 Double-Bit Axe
11:07 Horse Collar
21:17 Castle Age
19:56 Bloodlines
20:19 Scale Barding Armor
20:52 Forging
20:56 Gold Mining
22:08 Wheelbarrow
21:29 Light Cavalry
23:49 Bow Saw
26:51 Husbandry
HR itu
7:08 Loom
9:57 Feudal Age
10:35 Double-Bit Axe
13:57 Fletching
17:42 Gold Mining
HR Pinkman
6:16 Loom
8:36 Feudal Age
9:49 Double-Bit Axe
10:34 Horse Collar
16:28 Scale Barding Armor
17:07 Bloodlines
24:57 Castle Age
24:24 Fletching
25:11 Padded Archer Armor
25:36 Bodkin Arrow
26:24 Husbandry
28:30 Ballistics
Connection lost

Rejoining the realm…

Still unreachable

The connection could not be restored.

Session expired

The server has moved on; the page needs a fresh start.